garg, chaotic female orcish Cavewoman -- |}} |.---- ----}} |.....- |..}} |......---.}}}- --- ......rk}}.| ---------.----- -....}%}.---.%......%....| |....}}@.....--------|--.-- |...}}}}@....|%%%%%|...|..-- | |..}}}}}.....|%%%% |...|......- |.}}}}}}.....|... |---|.|........... |.}}}}}......--|---|...|.|--.......--- |..}}}}}...........|...|.| --....| |.}}}}}}}..........--|--.| - |..- -.}}}}}}}-|---|-...)..<....| - . ....}}..}}}}|..|..|.........--- -...}}..}}}}.|(.|..|....----..... |..}.}..}}}}.-------...-- --......- |.}}}....}}}................|........ -}}}.....}}}.----------.---- ...-- ..| }}}.---.}}}}.| -- |..| --- }}}-- ---}}}}| --- garg the Cave Teen Experience level: 4 Strength: 18/05 Dexterity: 12 Constitution: 16 Intelligence: 9 Wisdom: 10 Charisma: 9 Health: 0(43) Energy: 8(8) Def: 2 Gold: 79 Moves: 426 Dungeon seed: HbzeNGxwe1kjDPzN Game ID: garg_1544835961 Your Inventory: Coins $ - 79 gold pieces Weapons a - an uncursed +1 club (weapon in hand) b - an uncursed +2 sling (alternate weapon; not wielded) k - an uncursed +0 elven dagger Armor q - an uncursed +0 leather armor (being worn) y - an uncursed +1 pair of high boots Comestibles c - an uncursed melon d - an uncursed tripe ration Potions f - an uncursed potion of gain ability h - an uncursed potion of water Wands g - an uncursed wand of enlightenment (0:13) j - an uncursed wand of undead turning (0:3) Gems e - 10 uncursed flints (in quiver) n - 27 uncursed rocks r - an uncursed worthless piece of yellowish brown glass z - an uncursed worthless piece of red glass Spells and supernatural/magical abilities: Name Level Category Fail Memory W - pray for help -- divine ? -- Your skills at the end: Miscellaneous Skills bare handed combat [Basic] stealth [Basic] Weapon Skills scimitar [Basic] club [Basic] sling [Basic] Spellcasting Skills Final Attributes: You were devoutly aligned. You were poison resistant. You had infravision. You were very stealthy. You are dead. Vanquished creatures: a watchman 2 gnome lords a dwarf an iguana a jitterbug 4 coyotes a large kobold 5 gnomes 2 jackals 2 newts 3 sewer rats 3 grid bugs 2 kobold zombies 28 creatures vanquished. Voluntary challenges: You went without food. You did not adorn yourself with jewelry or accessories. You did not cause conflict. You were not invisible. You did not have reflection. You were not displaced. You were an atheist. You used a wielded weapon 27 times, starting on turn 141. You did not use tools. You did not use plumbed fixtures. You did not drink any magical draughts. You read items or engraved 1 time, starting on turn 426. You never genocided any monsters. You never polymorphed an object. You never changed form. You used no wishes. You never split a pudding. You never wrote Elbereth's name. You violated your moral code, losing 4 points of alignment, starting on turn 419. Dungeon overview: The Dungeons of Doom: levels 1 to 2 Level 1 a fountain a long staircase Level 2 stairs to The Gnomish Mines The Gnomish Mines: levels 3 to 5 Level 3 stairs to The Dungeons of Doom Level 4 Level 5 <- You were here a delicatessen History has recorded: On T:1 you entered the Dungeons of Doom to retrieve the Amulet of Yendor! On T:127 you reached level 2 of The Dungeons of Doom. On T:232 you reached level 1 of The Gnomish Mines. On T:239 you advanced to experience level 2. On T:293 you reached level 2 of The Gnomish Mines. On T:312 you advanced to experience level 3. On T:319 you reached level 3 of The Gnomish Mines. On T:320 you advanced to experience level 4. Score breakdown: Gold: 79 ( 7 points) Experience: 4 levels ( 300 points) Exploration: 5 levels ( 120 points) Discoveries: 2 items ( 100 points) Variety of kills: 13 monsters ( 650 points) Major goal: (nothing yet) ( 0 points) Survival: died (score multiplied by 3) Total score: 3531 Latest messages: Shingleton thrusts her dagger at you. Shingleton stabs you! You hit Shingleton! Shingleton thrusts her dagger at you. Shingleton stabs you! Shingleton thrusts her dagger at you. Shingleton stabs you! You feel self-knowledgeable... The feeling subsides. Shingleton thrusts her dagger at you. Shingleton stabs you! i - a scroll labeled GARVEN DEH. As you read the scroll, it disappears. You have found a scroll of stinking cloud! Where do you want to center the cloud? Shingleton thrusts her dagger at you. Shingleton stabs you! You die... Final status: Goodbye garg the Cavewoman, killed by a watchman called "Shingleton"... You died in The Gnomish Mines on dungeon level 5 with 3531 points, and 79 pieces of gold, after 426 moves. You were level 4 with a maximum of 43 hit points when you died.